 Dungeon Crawl Stone Soup version bcrawl-1.28.4 (webtiles) character file.

Game seed: 8867144831961180234

216067 Mehrunes the Scholar of Death (level 7, -7/36 HPs)
             Began as a Skeleton Necromancer on Jan 17, 2021.
             Was a Follower of Kikubaaqudgha.
             Shot with an arrow by a centaur (13 damage)
             ... on level 5 of the Dungeon on Jan 18, 2021.
             The game lasted 00:12:00 (4854 turns).

Mehrunes the Scholar of Death (SkNe)                Turns: 4854, Time: 00:12:01

Health: -7/36      AC:  7    Str: 14 (15) XL:     7   Next: 99%
Magic:  0/14       EV: 10    Int: 11 (13) God:    Kikubaaqudgha [*.....]
Gold:   354        SH:  0    Dex:  7 (9)  Spells: 5/16 levels left

rFire    + + .     SeeInvis +   l - +2 dagger (venom)
rCold    . . .     Gourm    .   (no shield)
rNeg     + + +     Faith    .   n - +0 scale mail
rPois    ∞         Spirit   +   p - +0 helmet
rElec    .         Reflect  .   (no cloak)
rCorr    .         Harm     .   (no gloves)
MR       +....                  (no boots)
Stlth    +.........             (no amulet)
HPRegen  0.12/turn              r - ring "Funaw" {rF++ rC- Str-2 Slay+5} (curse)
MPRegen  0.14/turn              s - ring of see invisible

@: no status effects
A: no food or potions, cold resistance 1, deterioration 1, negative energy
resistance 3, powered by death 1, torment resistance, unbreathing, magic shield,
sturdy frame 1, spell healing
a: Receive Corpses, Renounce Religion


You were on level 5 of the Dungeon.
You worshipped Kikubaaqudgha.
Kikubaaqudgha was aware of your devotion.
You were not hungry.

You visited 1 branch of the dungeon, and saw 5 of its levels.

You collected 354 gold pieces.

Inventory:

Hand Weapons
 a - a +1 dagger
 h - a +0 war axe
 l - a +2 dagger of venom (weapon)
 q - a cursed -1 club
Missiles
 t - a throwing net {=f}
Armour
 b - a +0 robe
 i - a +0 ring mail
 j - a +0 chain mail
 n - a +0 scale mail (worn)
 p - a +0 helmet (worn)
Jewellery
 r - the cursed ring "Funaw" (left hand) {rF++ rC- Str-2 Slay+5}
   (You found it on level 4 of the Dungeon)

   [ring of strength]

   It affects your strength (-2).
   It affects your accuracy and damage with ranged weapons and melee attacks
   (+5).
   It greatly protects you from fire.
   It makes you vulnerable to cold.
   It has a curse placed upon it.
 s - a ring of see invisible (right hand)
Wands
 o - a wand of enslavement (13)
 u - a wand of polymorph (10)
Scrolls
 c - a scroll of enchant weapon
 d - 3 scrolls of identify
 e - 2 scrolls of amnesia
 g - 2 scrolls of magic mapping
 k - a scroll of teleportation
 m - 2 scrolls of remove curse


   Skills:
 + Level 6.1 Axes
 - Level 2.6 Dodging
 - Level 2.4 Stealth
 + Level 5.1 Spellcasting
 + Level 8.5 Necromancy


You had 5 spell levels left.
You knew the following spells:

 Your Spells              Type           Power        Failure   Level  Hunger
a - Animate Skeleton      Necr           N/A          1%          1    N/A
b - Pain                  Necr           ###...       1%          1    N/A
c - Vampiric Draining     Necr           ###.......   4%          3    N/A
d - Agony                 Necr           ###.....     17%         4    N/A
e - Corpse Rot            Necr           N/A          2%          2    N/A

Your spell library contained the following spells:

 Spells                   Type           Power        Failure   Level  Hunger
 Animate Dead             Necr           N/A          17%         4    N/A
 Dispel Undead            Necr           ###.....     43%         5    N/A

Dungeon Overview and Level Annotations

Branches:
Dungeon (5/12)             Temple (0/1) D:4

Altars:
Ashenzari
Dithmenos
Kikubaaqudgha
Lugonu
Okawaru
Sif Muna
Uskayaw

Annotations:
D:3 exclusion: ogre


Innate Abilities, Weirdness & Mutations

You do not eat or drink.
You are immune to poison.
Your flesh is cold resistant. (rC+)
Your body sometimes deteriorates upon taking damage.
You are immune to negative energy. (rN+++)
You regenerate a little health from kills.
You are immune to unholy pain and torment.
You can survive without breathing.
When hurt, damage is shared between your health and your magic reserves.
Your movements are slightly less encumbered by armour. (ER -2)
Casting spells heals you.


Message History

g - Guard the area. f - Follow me.
Anything else - Cancel.
Gang up on whom?
Press: ? - help, Dir - move target cursor, f - centaur
Aim: a centaur, wielding a +0 shortbow and quivering 107 arrows Attack!
The centaur shoots an arrow.
The arrow hits you.
Your body deteriorates!
You feel clumsy.
You swap places.
The centaur shoots an arrow.
The arrow barely misses you. The arrow hits your quokka skeleton!
Your quokka skeleton is destroyed!
The centaur shoots an arrow.
The arrow hits you!
* * * LOW HITPOINT WARNING * * *
Your body deteriorates!
You feel clumsy.
The centaur shoots an arrow.
The arrow hits your kobold skeleton!
Your kobold skeleton is destroyed!
The centaur shoots an arrow.
The arrow closely misses your kobold skeleton.
The arrow hits you!
You die...
Kikubaaqudgha rasps: "You have failed me!
Welcome... oblivion!"

♣P##...........# #.#.. .P♣#
#.P........... .... ...P#
#.............#####..
P♣.P.####.................<
PP..♣P###....####.........Z
P.....#....# #.##.#....
♣♣..♣#....# #.........
#P.P.P....# #####.....
###(P.(@###### #.....
###♣.......# ...>....
###%......#....##....
#.............. #....
##########.%.....Z...... .....
##..................Z..........
♣♣#..#################c..........
♣P#.## #.... #P#.# ....


You could see a centaur and 2 friendly kobold skeletons.

Vanquished Creatures
  A hippogriff (D:5)
  A sky beast (D:4)
  Blork the orc (D:4)
  A crimson imp (D:4)
  A bullfrog zombie (D:5)
  3 hounds
  A centaur skeleton (D:5)
  An iguana (D:4)
  3 worker ants (D:4)
  Natasha (thrice) (D:4)
  2 orc wizards (D:4)
  Ijyb (D:4)
  2 hound skeletons
  Robin (D:4)
  5 adders
  3 oozes
  An adder skeleton (D:4)
  2 worms
  2 dart slugs
  4 leopard geckos
  6 orcs
  7 bats
  5 giant cockroaches
  14 goblins
  10 hobgoblins
  2 quokkas
  2 ball pythons
  A frilled lizard (D:1)
  9 kobolds
  4 rats
99 creatures vanquished.

Vanquished Creatures (collateral kills)
  A water moccasin zombie (D:5)
1 creature vanquished.

Vanquished Creatures (others)
  An adder (D:5)
1 creature vanquished.

Grand Total: 101 creatures vanquished

Notes
Turn   | Place    | Note
-------+----------+-------------------------------------------
     0 | D:1      | Mehrunes the Skeleton Necromancer began the quest for the
                  | Orb.
     0 | D:1      | Reached XP level 1. HP: 10/10 MP: 4/4
   157 | D:1      | Reached XP level 2. HP: 15/15 MP: 0/6
   700 | D:2      | Reached skill level 5 in Necromancy
   700 | D:2      | Reached XP level 3. HP: 13/19 MP: 0/8
   995 | D:2      | Learned a level 3 spell: Vampiric Draining
  1101 | D:2      | Found a hide-covered altar of Uskayaw.
  1586 | D:3      | Found an ancient bone altar of Kikubaaqudgha.
  1594 | D:3      | Became a worshipper of Kikubaaqudgha
  1624 | D:3      | Reached skill level 1 in Axes
  1624 | D:3      | Reached XP level 4. HP: 24/24 MP: 0/9
  2074 | D:3      | Found an iron altar of Okawaru.
  2194 | D:3      | Found a corrupted altar of Lugonu.
  2241 | D:3      | Found a shimmering blue altar of Sif Muna.
  2306 | D:3      | Noticed an ogre
  2532 | D:4      | Noticed a sky beast
  2543 | D:4      | Killed a sky beast
  2544 | D:4      | Reached skill level 6 in Necromancy
  2544 | D:4      | Reached XP level 5. HP: 23/28 MP: 5/10
  2572 | D:4      | Learned a level 4 spell: Agony
  2697 | D:4      | Noticed Natasha
  2702 | D:4      | Killed Natasha
  2703 | D:4      | Gained mutation: You regenerate a little health from kills.
                  | [Skeleton growth]
  2703 | D:4      | Reached XP level 6. HP: 30/32 MP: 5/11
  2831 | D:4      | Found a staircase to the Ecumenical Temple.
  2980 | D:4      | Found a shadowy altar of Dithmenos.
  3090 | D:4      | Found a shattered altar of Ashenzari.
  3126 | D:4      | Noticed Blork the orc
  3189 | D:4      | Killed Blork the orc
  3190 | D:4      | Reached skill level 7 in Necromancy
  3191 | D:4      | Reached * piety under Kikubaaqudgha
  3191 | D:4      | Identified Kikubaaqudgha's Tome of Sinister Rites
                  | (Kikubaaqudgha gifted it to you on level 4 of the Dungeon)
  3191 | D:4      | Received a gift from Kikubaaqudgha
  3202 | D:4      | Learned a level 2 spell: Corpse Rot
  3238 | D:4      | Noticed Robin
  3255 | D:4      | Killed Robin
  3484 | D:4      | Noticed Natasha
  3488 | D:4      | Killed Natasha
  3489 | D:4      | Reached XP level 7. HP: 36/36 MP: 12/12
  3648 | D:4      | Got a scorched glass ring
  3658 | D:4      | Identified the cursed ring "Funaw" {rF++ rC- Str-2 Slay+5}
                  | (You found it on level 4 of the Dungeon)
  3718 | D:4      | Noticed Ijyb
  3729 | D:4      | Killed Ijyb
  3730 | D:4      | Reached skill level 5 in Axes
  3890 | D:4      | Noticed Natasha
  3895 | D:4      | Killed Natasha
  3896 | D:4      | Reached skill level 8 in Necromancy
  4119 | D:5      | Entered Level 5 of the Dungeon
  4172 | D:5      | HP: 1/36 [hornet zombie (2)]
  4173 | D:5      | Noticed a hippogriff
  4639 | D:5      | Killed a hippogriff
  4726 | D:5      | Reached skill level 5 in Spellcasting
  4854 | D:5      | Shot with an arrow by a centaur

Skill      XL: |  1  2  3  4  5  6  7 |
---------------+----------------------+-----
Necromancy     | 5 6 7 8 |  8.5
Axes           | 1 3 4 6 |  6.1
Spellcasting   | 5 |  5.1
Dodging        | |  2.6
Stealth        | |  2.4

Action                   |  1- 3 |  4- 6 |  7- 9 || total
-------------------------+-------+-------+-------++-------
Melee: Dagger            |    10 |    85 |    65 ||   160
 Cast: Pain              |    95 |    67 |    17 ||   179
       Animate Skeleton  |       |     1 |     5 ||     6
       Corpse Rot        |       |     1 |     2 ||     3
       Vampiric Draining |       |     1 |       ||     1
  Use: Scroll            |       |       |     8 ||     8
 Stab: Distracted        |       |     1 |       ||     1
Armor: Robe              |     6 |       |       ||     6
       Scale mail        |       |    34 |    24 ||    58
       Ring mail         |       |     1 |       ||     1
Dodge: Dodged            |     6 |    52 |    39 ||    97
